 Dungeon Crawl Stone Soup version 0.16-a0-3994-gbbee317 (webtiles) character file.

705 BluebellGnoll the Basher (level 7, 0/75 HPs)
             Began as an Ogre Venom Mage on Feb 13, 2015.
             Was a Follower of Okawaru.
             Slain by a jackal (1 damage)
             ... on level 5 of the Dungeon.
             The game lasted 00:27:40 (5392 turns).

BluebellGnoll the Basher (Ogre Venom Mage)          Turns: 5392, Time: 00:27:40

Health: 0/75       AC:  3    Str: 18    XL:     7   Next: 67%
Magic:  8/12       EV: 10    Int: 16    God:    Okawaru [*.....]
Gold:   58         SH:  0    Dex: 10    Spells: 3 memorised, 4 levels left

rFire  . . .     SeeInvis .     v - +1 giant spiked club
rCold  . . .     Clarity  .     a - +0 robe
rNeg   . . .     SustAb   .     (shield restricted)
rPois  .         Gourm    .     (helmet restricted)
rElec  .         Spirit   .     (no cloak)
rCorr  .         Warding  .     (gloves unavailable)
rMut   .         Stasis   .     (boots unavailable)
MR     .....                    (no amulet)
Stlth  +.........               (no ring)
                                E - +4 ring of strength

@: lethally poisoned (0 -> -30), very slightly contaminated, not resistant to
hostile enchantments, very unstealthy
A: unfitting armour, tough skin 1
a: Heroism, Renounce Religion


You were on level 5 of the Dungeon.
You worshipped Okawaru.
Okawaru was aware of your devotion.
You were not hungry.

You visited 2 branches of the dungeon, and saw 6 of its levels.

You collected 233 gold pieces.
You spent 175 gold pieces at shops.

Inventory:

Hand weapons
 m - a +0 hunting sling
 v - a +1 giant spiked club (weapon)
Missiles
 g - 3 javelins (quivered)
 i - a throwing net
 l - 55 stones
Armour
 a - a +0 robe (worn)
 F - the +0 cloak of Bob Khov {rElec rF- rC+ rN+ Dex-4}
   (You found it on level 4 of the Dungeon)

   It affects your dexterity (-4).
   It makes you vulnerable to fire.
   It protects you from cold.
   It insulates you from electricity.
   It protects you from negative energy.
Jewellery
 E - a +4 ring of strength (left hand)
Scrolls
 j - a scroll of fog
 k - a scroll of acquirement {unknown}
 n - 2 scrolls of blinking
 q - 2 scrolls of teleportation
 s - a scroll of fear
 z - 3 scrolls of immolation
Potions
 e - 2 potions of cancellation
 h - a potion of heal wounds
 p - 2 potions of curing
 t - a potion of lignification
 x - a potion of mutation
 A - 2 potions of ambrosia
Books
 b - a Young Poisoner's Handbook

   Spells                             Type                      Level
   a - Sting                          Conjuration/Poison           1
   b - Cure Poison                    Poison                       2
   c - Mephitic Cloud                 Conjuration/Poison/Air       3
   d - Olgreb's Toxic Radiance        Poison                       4
   e - Venom Bolt                     Conjuration/Poison           5
Comestibles
 c - 2 meat rations
 d - 5 bread rations
 f - 2 chunks of flesh


   Skills:
 - Level 6.1 Fighting
 + Level 8.5 Maces & Flails
 - Level 1.7 Dodging
 - Level 1.5 Stealth
 - Level 2.4 Spellcasting
 - Level 2.9 Poison Magic


You had 4 spell levels left.
You knew the following spells:

 Your Spells              Type           Power        Failure   Level  Hunger
a - Sting                 Conj/Pois      #...         12%         1    #......
b - Cure Poison           Pois           ##........   10%         2    ###....
c - Mephitic Cloud        Conj/Pois/Air  #.......     38%         3    ###....


Dungeon Overview and Level Annotations

Branches:
Dungeon (5/15)             Temple (1/1) D:4

Altars:
Ashenzari
Cheibriados
Elyvilon
Fedhas
Gozag
Kikubaaqudgha
Makhleb
Okawaru
Qazlal
Sif Muna
Trog
Vehumet
Xom
Yredelemnul
Zin
The Shining One

Shops:
D:4 ?   D:5 }


Innate Abilities, Weirdness & Mutations

You are too large for most types of armour.
You have tough skin (AC +1).


Message History

Confirm with . or Enter, or press ? or * to list all spells.
Aiming: Sting
Press: ? - help, Shift-Dir - straight line, f/p - gnoll sergeant
Aim: a gnoll sergeant, wielding a trident of venom and wearing a ring mail (moderately wounded)
You miscast Sting.
Your vision is briefly tinged with green.
The jackal barks!
You feel sick.
The gnoll sergeant hits you from afar with a trident of venom!
* * * LOW HITPOINT WARNING * * *
You are lethally poisoned!
The gnoll hits you but does no damage.
* * * LOW HITPOINT WARNING * * *
You feel sick.
The jackal bites you but does no damage.
The gnoll sergeant hits you from afar with a trident of venom!
* * * LOW HITPOINT WARNING * * *
You are more poisoned.
The gnoll barely misses you. The jackal bites you.
You die...

#.# #.. #.# ### #.#
###### #.# >.....#
######.########. ##..
###......)...............
..............####.
#####. ###..........# #.
#....h@....# ####
#....).....# ##... ..##
#.h.gg.....# ##..##
#....##..g.......# #..##
#....(........# ##.##
##.#.#..########.# #..#
.. #.##..#####... ##.## #
#..##.##....# #..#
##.##....#### #.##


You could see a gnoll sergeant, 2 gnolls and 2 jackals.

Vanquished Creatures
  The ghost of DEFE the Slasher, an average HEFi (D:4)
  2 ogres
  An orc priest (D:4)
  A giant frog zombie (D:5)
  A giant frog skeleton (D:4)
  A centaur skeleton (D:5)
  An orc wizard (D:5)
  2 worker ants
  Ijyb (D:3)
  A hound skeleton (D:4)
  2 gnolls (D:5)
  6 adders
  2 worms
  An adder skeleton (D:4)
  2 giant geckos
  11 orcs
  6 bats
  4 giant cockroaches
  11 hobgoblins
  2 jackals (D:4)
  14 kobolds
  3 quokkas
  A ball python (D:1)
  A ball python skeleton (D:4)
  A giant cockroach zombie (D:5)
  6 giant newts
  16 goblins
  12 rats
113 creatures vanquished.

Notes
Turn   | Place    | Note
--------------------------------------------------------------
     0 | D:1      | BluebellGnoll, the Ogre Venom Mage, began the quest for the Orb.
     0 | D:1      | Reached XP level 1. HP: 16/16 MP: 3/3
   104 | D:1      | Reached skill level 1 in Fighting
   212 | D:1      | Reached XP level 2. HP: 28/28 MP: 1/5
   218 | D:1      | Learned a level 2 spell: Cure Poison
   331 | D:1      | Reached skill level 1 in Maces & Flails
  1155 | D:1      | Reached XP level 3. HP: 27/35 MP: 6/6
  1607 | D:2      | Reached skill level 3 in Maces & Flails
  1638 | D:2      | Found a basalt altar of Yredelemnul.
  1714 | D:2      | Learned a level 3 spell: Mephitic Cloud
  2306 | D:3      | Reached XP level 4. HP: 42/42 MP: 1/8
  2454 | D:3      | Reached skill level 4 in Maces & Flails
  2536 | D:3      | Noticed an ogre
  2633 | D:3      | Noticed Ijyb
  2652 | D:3      | Killed Ijyb
  2995 | D:3      | Reached skill level 5 in Maces & Flails
  3327 | D:4      | Noticed an ogre
  3344 | D:4      | Killed an ogre
  3344 | D:4      | Reached XP level 5. HP: 49/55 MP: 4/9
  3559 | D:4      | Reached skill level 5 in Fighting
  3582 | D:4      | Reached XP level 6. HP: 19/66 MP: 11/11
  3844 | D:4      | Reached skill level 6 in Fighting
  4054 | D:4      | Got a faintly glowing cloak
  4062 | D:4      | Identified the cursed +0 cloak of Bob Khov {rElec rF- rC+ rN+ Dex-4} (You found it on level 4 of the Dungeon)
  4192 | D:4      | Found a shimmering altar of Xom.
  4295 | D:4      | Found a staircase to the Ecumenical Temple.
  4308 | Temple   | Entered the Ecumenical Temple
  4322 | Temple   | Became a worshipper of Warmaster Okawaru
  4446 | D:4      | Found Usez's Magic Scroll Boutique.
  4464 | D:4      | Bought a scroll of fog for 22 gold pieces
  4464 | D:4      | Bought a scroll of random uselessness for 11 gold pieces
  4464 | D:4      | Bought a scroll of immolation for 38 gold pieces
  4464 | D:4      | Bought a scroll of identify for 22 gold pieces
  4464 | D:4      | Bought a scroll of identify for 22 gold pieces
  4464 | D:4      | Bought a scroll of fear for 38 gold pieces
  4464 | D:4      | Bought a scroll of identify for 22 gold pieces
  4733 | D:4      | Noticed DEFE's ghost (average HEFi)
  4746 | D:4      | Killed DEFE's ghost
  4746 | D:4      | Reached skill level 7 in Maces & Flails
  4746 | D:4      | Reached XP level 7. HP: 33/75 MP: 12/12
  4922 | D:5      | Entered Level 5 of the Dungeon
  4963 | D:5      | Acquired Okawaru's first power
  5099 | D:5      | Reached skill level 8 in Maces & Flails
  5112 | D:5      | Found Shalishroth's Gadget Emporium.
  5392 | D:5      | HP: 1/75 [gnoll sergeant/trident of venom (11)]
  5392 | D:5      | Slain by a jackal

Action                   |  1- 3 |  4- 6 |  7- 9 || total
-------------------------+-------+-------+-------++-------
Melee: Club              |    72 |       |       ||    72
       Whip              |       |    27 |       ||    27
       Giant spiked club |       |   112 |    34 ||   146
Throw: Throwing net      |     1 |     1 |       ||     2
       Javelin           |       |     7 |     5 ||    12
       Stone             |       |     1 |       ||     1
 Cast: Sting             |    61 |    68 |    19 ||   148
       Cure Poison       |       |     1 |       ||     1
  Use: Scroll            |       |    15 |       ||    15
       Potion            |       |     3 |       ||     3
 Stab: Held in net/web   |     1 |       |       ||     1
  Eat: Chunk             |     5 |    10 |     2 ||    17
